 Dungeon Crawl Stone Soup version 0.24.0-13-gcf9b319 (webtiles) character file.

Game seed: 12604354502287555282, levelgen mode: deterministic

273 Bronimir the Stinger (level 6, -1/37 HPs)
             Began as an Octopode Venom Mage on Mar 28, 2020.
             Shot with an arrow by a centaur (12 damage)
             ... on level 5 of the Dungeon.
             The game lasted 00:10:39 (3224 turns).

Bronimir the Stinger (Octopode Venom Mage)          Turns: 3224, Time: 00:10:39

Health: -1/37      AC:  1    Str:  7    XL:     6   Next: 23%
Magic:  5/11       EV: 14    Int: 19    God:
Gold:   155        SH:  0    Dex: 13    Spells: 6/12 levels left

rFire    . . .     SeeInvis .   i - +0 dagger
rCold    . . .     Gourm    .   (no shield)
rNeg     . . .     Faith    .   (helmet restricted)
rPois    .         Spirit   .   (no amulet)
rElec    .         Reflect  .   (no ring)
rCorr    .         Harm     .   (no ring)
MR       .....                  (no ring)
Stlth    +++.......             (no ring)
HPRegen  0.12/turn              (no ring)
MPRegen  0.12/turn              (no ring)
                                (no ring)
                                (no ring)

@: no status effects
A: almost no armour, stealthy swim, amphibious, 8 rings, constrict 8, camouflage
1, gelatinous body 1
a: no special abilities


You were on level 5 of the Dungeon.
You were near starving.

You visited 1 branch of the dungeon, and saw 5 of its levels.

You collected 155 gold pieces.

Inventory:

Hand Weapons
 i - a +0 dagger (weapon)
 k - a +0 quarterstaff
 q - a +0 hand axe
Missiles
 h - 8 boomerangs (quivered)
 l - 20 poisoned darts
 n - 11 bolts
 r - 67 stones
Jewellery
 f - a +3 ring of strength
Scrolls
 c - a scroll of enchant armour {unknown}
 d - a scroll of noise {unknown}
 g - a scroll of amnesia {unknown}
 j - a scroll of identify
 m - a scroll of fear {unknown}
 o - a scroll of teleportation {unknown}
 p - a scroll of magic mapping {unknown}
 s - a scroll of remove curse {unknown}
Potions
 a - 3 potions of curing
 e - a potion of lignification {unknown}
Comestibles
 b - 4 rations


   Skills:
 + Level 0.3 Fighting
 + Level 0.5 Short Blades
 * Level 3.0 Dodging
 - Level 3.3 Stealth
 * Level 3.5 Spellcasting
 * Level 2.0 Conjurations
 + Level 1.3 Air Magic
 * Level 5.2 Poison Magic


You had 6 spell levels left.
You knew the following spells:

 Your Spells              Type           Power        Failure   Level  Hunger
a - Sting                 Conj/Pois      ###.         3%          1    None
b - Poisonous Vapours     Pois/Air       ###...       5%          2    ##.....
c - Mephitic Cloud        Conj/Pois/Air  ##......     13%         3    ###....

Your spell library contained the following spells:

 Spells                   Type           Power        Failure   Level  Hunger
 Olgreb's Toxic Radiance  Pois           ###.....     17%         4    ####...
 Venom Bolt               Conj/Pois      ###.......   65%         5    ######.


Dungeon Overview and Level Annotations

Branches:
Dungeon (5/15)
 Temple: D:4-7

Altars:
Elyvilon


Innate Abilities, Weirdness & Mutations

You cannot wear most types of armour.
You are very stealthy in the water. (Stealth+)
You are amphibious.
You can wear up to eight rings at the same time.
You can use your tentacles to constrict eight enemies at once.
Your skin changes colour to match your surroundings (Stealth+).
Your rubbery body absorbs attacks. (AC +1, EV +1)


Message History

The centaur wields a +0 shortbow.
The centaur shoots an arrow.
The arrow closely misses you.
Found a runed hand axe.
The centaur shoots an arrow.
The arrow closely misses you. The gnoll hits you with a +0 club.
* * * LOW HITPOINT WARNING * * *
The worker ant bites you.
* * * LOW HITPOINT WARNING * * *
You are lethally poisoned!
The worker ant poisons you!
The centaur shoots an arrow.
The arrow hits you.
* * * LOW HITPOINT WARNING * * *
You see here an arrow.
As you read the scroll labeled IJANAE CYOL, it crumbles to dust.
It is a scroll of identify.
f - a +3 ring of strength
* * * LOW HITPOINT WARNING * * *
You feel sick.
The centaur shoots an arrow.
The arrow misses you. The worker ant barely misses you.
The gnoll barely misses you.
You feel better.
The centaur shoots an arrow.
The arrow hits you!
You die...

#####
).....#######
...!....##..#
........5#<.#
.[.........##
..........##
..........#
.......ga(#
........@##
........##
....[..##
..c...#
.....# ####.
#


You could see a centaur, a worker ant, a gnoll and a crimson imp.

Vanquished Creatures
  An ogre (D:4)
  An orc priest (D:3)
  An orc wizard (D:3)
  An iguana (D:4)
  3 gnolls (D:2)
  An adder (D:3)
  An ooze (D:2)
  A worm (D:4)
  4 orcs
  5 giant cockroaches
  5 goblins
  4 hobgoblins
  6 jackals
  A quokka (D:3)
  2 ball pythons
  4 bats
  4 frilled lizards (D:1)
  5 kobolds
  5 rats
55 creatures vanquished.

Notes
Turn   | Place    | Note
-------+----------+-------------------------------------------
     0 | D:1      | Bronimir the Octopode Venom Mage began the quest for the
                  | Orb.
     0 | D:1      | Reached XP level 1. HP: 11/11 MP: 3/3
   178 | D:1      | Reached XP level 2. HP: 17/17 MP: 0/5
   392 | D:1      | Reached skill level 4 in Poison Magic
   480 | D:1      | Learned a level 2 spell: Poisonous Vapours
  1080 | D:2      | Reached XP level 3. HP: 15/21 MP: 4/6
  1455 | D:2      | Reached XP level 4. HP: 22/27 MP: 8/8
  2180 | D:3      | Found a white marble altar of Elyvilon.
  2273 | D:3      | Learned a level 3 spell: Mephitic Cloud
  2529 | D:3      | Found a faded altar of an unknown god.
  2603 | D:3      | Reached XP level 5. HP: 31/31 MP: 3/9
  3085 | D:4      | Reached skill level 1 in Air Magic
  3106 | D:4      | Noticed an ogre
  3106 | D:4      | Noticed a phantom
  3207 | D:4      | Killed an ogre
  3207 | D:4      | Reached skill level 5 in Poison Magic
  3207 | D:4      | Reached XP level 6. HP: 23/37 MP: 3/11
  3215 | D:5      | Entered Level 5 of the Dungeon
  3224 | D:5      | Shot with an arrow by a centaur

Levels and vault maps discovered:
D:1:      wander_arrival_peaceful_grave, layout_basic,
          chequers_serial_rivers_small_a
D:2:      layout_basic
D:3:      layout_rooms, lemuel_round_altar, chequers_ecumenical_altar_simple,
          corexii_shack
D:4:      lemuel_upstairs_altar, layout_cave_pods
D:5:      layout_cave_pods, first_ration, uniq_prince_ribbit1, uniq_duvessa,
          uniq_crazy_yiuf_cottage

Skill      XL: |  1  2  3  4  5 |
---------------+----------------+-----
Poison Magic   | 4 5 |  5.2
Stealth        | 3 |  3.3
Spellcasting   | 3 |  3.5
Air Magic      | 1 |  1.3
Dodging        | 3 |  3.0
Conjurations   | 2 |  2.0
Fighting       | |  0.3
Short Blades   | |  0.5

Action                   |  1- 3 |  4- 6 || total
-------------------------+-------+-------++-------
Melee: Dagger            |    17 |    50 ||    67
       Constrict         |     3 |    13 ||    16
       Tentacles         |     3 |    13 ||    16
 Cast: Sting             |    22 |     7 ||    29
       Poisonous Vapours |     4 |    16 ||    20
       Mephitic Cloud    |       |     4 ||     4
  Use: Potion            |       |     2 ||     2
       Scroll            |       |     1 ||     1
 Stab: Sleeping          |     3 |     8 ||    11
       Confused          |       |     1 ||     1
  Eat: Chunk             |     2 |     5 ||     7
Armor: Skin              |       |     3 ||     3
Dodge: Dodged            |    11 |    44 ||    55
